Unix NetHack Version 5.0.0-0 post-release - last build Jun 10 2026 00:39:30 (3ee93aec679c4c4259841fe613dc97188e26a321,branch:main).

Game began 2026-06-29 18:12:32, ended 2026-06-29 20:53:42.

Japes, lawful male human Monk

          ----     ----
          |..--    |..--
          |...|  ---...----
       ----.---  |........|
       |.%..|    |....--..|
     ---.--.|    ---..||-.--
     |...||.|      |..||...--
   ---.---|.-----  ------...--
   |...|  |..-|.-----........|
   |.--- ---..|...|...----...|
  --.|----..|....%|.---  --..|
  |..|......|-......|     ----
  |........--|....---
  |........| |..%---
  --..--.--- |.....|
   -------   |..--.|
            --...|.|  --
            |....|.|  .|
            --@h)))....-
             ---.-- |
               ---
Japes the Initiate              St:18/01 Dx:13 Co:10 In:12 Wi:14 Ch:7  Lawful
Dlvl:11 $:338 HP:0(57) Pw:36(36) AC:3  Xp:7/1014 T:2453 

Latest messages:
 Your helm blocks the attack to your head.
 The master mind flayer's tentacles suck your brain again!
 Your helm blocks the attack to your head.
 The master mind flayer's tentacles suck your brain again!
 Your helm blocks the attack to your head.
 The master mind flayer's tentacles suck your brain again!
 Your helm blocks the attack to your head.
 The master mind flayer's tentacles suck your brain again!
 Your helm blocks the attack to your head.
 You hit the master mind flayer!
 The master mind flayer hits!
 The master mind flayer's tentacles suck your brain!
 Your helm blocks the attack to your head.
 The master mind flayer's tentacles suck your brain again!
 Your helm blocks the attack to your head.
 The master mind flayer's tentacles suck your brain again!
 Your helm blocks the attack to your head.
 The master mind flayer's tentacles suck your brain again!
 Your helm blocks the attack to your head.
 The master mind flayer's tentacles suck your brain again!
 Your helm blocks the attack to your head.
 You hit the master mind flayer!
 The master mind flayer hits!
 The master mind flayer's tentacles suck your brain!
 Your helm blocks the attack to your head.
 The master mind flayer's tentacles suck your brain again!
 Your helm blocks the attack to your head.
 The master mind flayer's tentacles suck your brain again!
 Your helm blocks the attack to your head.
 The master mind flayer's tentacles suck your brain again!
 Your helm blocks the attack to your head.
 The master mind flayer's tentacles suck your brain again!
 Your helm blocks the attack to your head.
 You hit the master mind flayer!
 The master mind flayer hits!
 The master mind flayer's tentacles suck your brain!
 Your helm blocks the attack to your head.
 The master mind flayer's tentacles suck your brain again!
 Your helm blocks the attack to your head.
 The master mind flayer's tentacles suck your brain again!
 Your helm blocks the attack to your head.
 The master mind flayer's tentacles suck your brain again!
 Your helm blocks the attack to your head.
 The master mind flayer's tentacles suck your brain again!
 Your helm blocks the attack to your head.
 You hit the master mind flayer!
 The master mind flayer hits!
 You die...
 Do you want your possessions identified? [ynq] (y)
 Do you want to see your attributes? [ynq] (y)

Inventory:
 Coins    ('$')
  $ - 338 gold pieces
 Weapons  (')')
  t - a blessed +0 dart
  y - 14 +0 darts
  R - 4 blessed +0 daggers
  G - 7 +0 daggers
  V - a +2 orcish dagger
 Armor    ('[')
  B - an uncursed +1 helm of telepathy (being worn)
  a - an uncursed +3 pair of leather gloves (being worn)
  K - an uncursed +0 cloak of displacement (being worn)
  q - an uncursed +0 mummy wrapping
  b - an uncursed +1 robe
 Comestibles  ('%')
  o - an uncursed venti hot decaf vanilla latte
  f - 6 uncursed apples
  C - 2 uncursed carrots
  e - 4 uncursed food rations
  h - 2 uncursed fortune cookies
  g - 7 uncursed oranges
  p - 2 uncursed lichen corpses
 Scrolls  ('?')
  Z - an uncursed scroll of create monster
  u - an uncursed scroll of enchant weapon
  X - an uncursed scroll of fire
  T - an uncursed scroll of gold detection
  D - 2 uncursed scrolls of identify
  c - a cursed scroll of identify
  m - an uncursed scroll of teleportation
 Spellbooks  ('+')
  i - a blessed spellbook of confuse monster
 Potions  ('!')
  v - an uncursed potion of fruit juice
  M - an uncursed potion of object detection
  P - a blessed potion of restore ability
 Rings    ('=')
  n - an uncursed ring of sustain ability (on right hand)
 Wands    ('/')
  F - a wand of make invisible (0:5)
  E - a wand of probing (0:7)
 Tools    ('(')
  z - a cursed can of grease (0:19)
  A - an uncursed credit card
  j - a magic marker (0:21)
  w - an uncursed magic whistle
  x - a +0 pick-axe
  N - an uncursed tin opener
  O - an uncursed towel
 Gems/Stones  ('*')
  W - an uncursed agate stone
  H - an uncursed jasper stone
  Y - an uncursed sapphire
  L - an uncursed worthless piece of blue glass
  U - 2 uncursed worthless pieces of green glass
  k - an uncursed worthless piece of orange glass
  I - 2 uncursed worthless pieces of red glass
  J - an uncursed worthless piece of violet glass
  Q - an uncursed worthless piece of yellow glass
  r - 3 uncursed worthless pieces of yellowish brown glass

Japes the Monk's attributes:

Background:
 You were an Initiate, a level 7 male human Monk.
 You were lawful, on a mission for Shan Lai Ching
 who was opposed by Chih Sung-tzu (neutral) and Huan Ti (chaotic).
 You were right-handed.
 You were in the Gnomish Mines, on level 11.
 You entered the dungeon 2453 turns ago.
 There was a full moon in effect when your adventure ended.
 You had 1014 experience points, 266 more were needed to attain level 8.

Basics:
 You had 0 out of 57 hit points.
 You had all 36 energy points (spell power).
 Your armor class was 3.
 Your wallet contained 338 zorkmids.
 Autopickup was on for '$' plus thrown.

Final Characteristics:
 Your strength was 18/01 (limit:18/100).
 Your dexterity was 13 (limit:18).
 Your constitution was 10 (limit:18).
 Your intelligence was 12 (limit:18).
 Your wisdom was 14 (limit:18).
 Your charisma was 7 (limit:18).

Final Status:
 You weren't hungry.
 You were unencumbered.
 You were empty handed.
 You had basic skill with martial arts and could have enhanced that.

Final Attributes:
 You were piously aligned.
 You were sleep resistant.
 You were poison resistant.
 You saw invisible.
 You were telepathic.
 You were warned.
 You were displaced.
 You were stealthy.
 You were warded.
 You were fast.
 You had fixed abilities.
 You were lucky.
 You are dead.

Miscellaneous:
 You didn't encounter any bones levels.
 Total elapsed playing time was 51 minutes and 55 seconds.

Major events:
 Turn
    1: Japes the lawful male human Monk entered the dungeon
  586: entered the Gnomish Mines
  662: attained the rank of Novice (level 3)
 1152: reached Mine Town
 1270: attained the rank of Initiate (level 6)
 2453: killed by a master mind flayer

Spells:
 Name                 Level Category     Fail Retention
 confuse monster        1   enchantment   61%  76%-100%

Skills:
 Fighting Skills
   martial arts       [Basic]
 Weapon Skills
   quarterstaff       [Unskilled]
   spear              [Unskilled]
   crossbow           [Unskilled]
   shuriken           [Unskilled]
 Spellcasting Skills
   attack spells      [Unskilled]
   healing spells     [Basic]
   divination spells  [Unskilled]
   enchantment spells [Unskilled]
   clerical spells    [Unskilled]
   escape spells      [Unskilled]
   matter spells      [Unskilled]

Voluntary challenges:
 Character rerolling was not enabled.
 You followed a strict vegan diet.
 You never hit with a wielded weapon.
 You never genocided any monsters.
 You never polymorphed an object.
 You never changed form.
 You used no wishes.
Achievements:
 You entered a shop.
 You entered the Gnomish Mines.
 You attained the rank of Novice.
 You entered Minetown.
 You entered a temple.
 You attained the rank of Initiate.

 The Dungeons of Doom: levels 1 to 4
    Level 1:
       A fountain.
    Level 2:
       A sink, a grave.
    Level 3:
       A general store, a fountain, a grave.
       Stairs down to The Gnomish Mines.
    Level 4:
       A fountain.
 The Gnomish Mines: levels 4 to 11
    Level 4:
    Level 5:
    Level 6:
       Many shops, a temple and an altar, some fountains.
    Level 7:
    Level 8:
    Level 11: <- You were here.
       Final resting place for
          you, killed by a master mind flayer.


Vanquished creatures:
  a small mimic
  2 wolves
  a giant spider
  a vampire bat
  2 gnome rulers
  a dwarf leader
  a gnome mummy
  a snake
  2 apes
 an imp
 an orc shaman
  a rock piercer
  9 gnome leaders
  2 gnomish wizards
  a straw golem
  5 giant ants
  a floating eye
  4 dwarves
  a homunculus
  2 iguanas
  a coyote
  a gas spore
  2 hobgoblins
  2 giant rats
 40 gnomes
  a gecko
  2 jackals
  a fox
  2 kobolds
  a sewer rat
  2 grid bugs
  2 lichens
  2 newts
99 creatures vanquished.

No species were genocided or became extinct.

Game over:
                       ----------
                      /          \
                     /    REST    \
                    /      IN      \
                   /     PEACE      \
                  /                  \
                  |      Japes       |
                  |      338 Au      |
                  |   killed by a    |
                  |   master mind    |
                  |      flayer      |
                  |                  |
                  |       2026       |
                 *|     *  *  *      | *
        _________)/\\_//(\/(/\)/\//\/|_)_______

Goodbye Japes the Monk...

You died in The Gnomish Mines on dungeon level 11 with 4871 points,
and 338 pieces of gold, after 2453 moves.
You were level 7 with a maximum of 57 hit points when you died.

